 Dungeon Crawl Stone Soup version 0.32-a0-119-g2e8054a333 (webtiles) character file.

Game seed: 13404229250166300719

966 Newt the Trooper (level 7, -6/50 HPs)
             Began as a Demonspawn Gladiator on Feb 6, 2024.
             Was a Believer of Hepliaklqana.
             Mangled by Joseph
             ... wielding a +3 quarterstaff of speed
              (14 damage)
             ... on level 7 of the Dungeon.
             The game lasted 00:06:33 (3972 turns).

Newt the Trooper (Demonspawn Gladiator)             Turns: 3972, Time: 00:06:34

Health: -6/50      AC:  8    Str: 17    XL:     7   Next: 93%
Magic:  7/7        EV: 12    Int:  8    God:    Hepliaklqana [**....]
Gold:   302        SH:  0    Dex: 14    Spells: 6/6 levels left

rFire   . . .        q - +4 flail (protect)
rCold   + . .        (no shield)
rNeg    . . .        r - +1 ring mail {rC+}
rPois   .            c - +0 helmet
rElec   .            (no cloak)
rCorr   +            (no gloves)
SInv    .            F - +0 pair of boots
Will    .....        f - amulet of the acrobat
Stlth   +            o - ring of resist corrosion
HPRegen 0.28/turn    (no ring)
MPRegen 0.10/turn

%: acrobat
@: studying Earth Magic
A: reduced essence, hooves 1, spiny 3
a: Renounce Religion, Recall Ancestor, Ancestor Identity


You were on level 7 of the Dungeon.
You worshipped Hepliaklqana.
Hepliaklqana was pleased with you.
You visited 2 branches of the dungeon, and saw 8 of its levels.

You collected 473 gold pieces.
You spent 171 gold pieces at shops.

Inventory:

Hand Weapons
 a - a +0 rapier
 q - a +4 flail of protection (weapon)
Missiles
 e - a javelin
 m - 4 curare-tipped darts
 w - 8 poisoned darts
 B - 10 boomerangs
Armour
 b - a +0 leather armour
 c - a +0 helmet (worn)
 r - a +1 ring mail of cold resistance (worn)
 F - a +0 pair of boots (worn)
Jewellery
 f - an amulet of the acrobat (around neck)
 g - a ring of fire
 o - a ring of resist corrosion (left hand)
Wands
 j - a wand of digging (5)
 p - a wand of flame (25)
Scrolls
 d - a scroll of fear
 k - a scroll of blinking
 l - a scroll of fog
 s - a scroll of revelation
 u - a scroll of noise
 v - a scroll of butterflies
 x - a scroll of silence
 y - 2 scrolls of vulnerability
 A - a scroll of immolation
 D - 2 scrolls of teleportation {unknown}
 E - a scroll of enchant weapon {unknown}
Potions
 h - a potion of attraction
 n - a potion of might
 t - a potion of mutation
 z - a potion of invisibility {unknown}
 C - a potion of resistance


   Skills:
 + Level 5.6 Fighting
 - Level 5.0 Short Blades
 * Level 4.1 Maces & Flails
 - Level 1.7 Throwing
 - Level 4.0 Dodging


You had 6 spell levels left.
You didn't know any spells.
Your spell library contained the following spells:

 Spells                   Type           Power      Damage    Failure   Level
 Slow                     Hex            0%         N/A       63%         1
 Mercury Vapours          Alch/Air       0%         N/A       77%         2
 Sublimation of Blood     Necr           0%         N/A       77%         2
 Confusing Touch          Hex            0%         N/A       94%         3
 Mephitic Cloud           Conj/Alch/Air  0%         N/A       94%         3
 Sigil of Binding         Hex            0%         N/A       94%         3
 Vampiric Draining        Necr           0%         2d6       94%         3
 Petrify                  Alch/Erth      0%         N/A       100%        4
 Freezing Cloud           Conj/Ice/Air   0%         6-21      100%        5
 Irradiate                Conj/Alch      0%         3d11      100%        5


Dungeon Overview and Level Annotations

Branches:
Dungeon (7/15)             Temple (1/1) D:5

Altars:
Ashenzari
Cheibriados
Dithmenos
Fedhas
Gozag
Hepliaklqana
Makhleb
Qazlal
Ru
Sif Muna
Trog
Vehumet
Wu Jian
Xom
Yredelemnul

Shops:
D:4 [

Annotations:
D:4 2 transporters
D:7 Joseph


Innate Abilities, Weirdness & Mutations

Your life essence is reduced to manifest your ancestor. (-10% HP)
You have large cloven feet.
You are completely covered in sharp spines.


Message History

You start resting.
Joseph is nearby!
Joseph is nearby!
Nindada hits Joseph with a +0 dagger of draining.
Throw: 2 throwing nets
Press: ? - help, Q - select action, (/) - cycle Shift-Dir - straight line, f - Joseph
Aim: Joseph, wielding a +0 sling, wearing a +0 leather armour and carrying a wand of quicksilver (lightly wounded, ally target, 57% to hit)
You throw a throwing net. Nindada avoids your attack.
The throwing net closely misses Joseph.
Nindada barely misses Joseph.
Joseph unwields a +0 sling.
Joseph wields a +3 quarterstaff of speed.
Joseph hits Nindada with a +3 quarterstaff of speed!
Nindada hits Joseph with a +0 dagger of draining.
Throw: throwing net
Press: ? - help, Q - select action, (/) - cycle Shift-Dir - straight line, f/p - Joseph
Aim: Joseph, wielding a +3 quarterstaff of speed, wearing a +0 leather armour and carrying a wand of quicksilver (lightly wounded, ally target, 57% to hit)
You throw a throwing net. Nindada avoids your attack.
The throwing net barely misses Joseph.
Nindada hits Joseph with a +0 dagger of draining.
Nindada drains Joseph.
Joseph unwields a +3 quarterstaff of speed.
Joseph wields a +0 sling.
Joseph shoots a sling bullet.
The sling bullet hits Nindada!
Nindada closely misses Joseph.
You swap places.
Joseph zaps a wand.
The bolt of dispelling energy misses you.
You closely miss Joseph.
Joseph is moderately wounded.
Joseph unwields a +0 sling.
Joseph wields a +3 quarterstaff of speed.
Joseph is struck by your spines.
Joseph hits you with a +3 quarterstaff of speed!
Nindada barely misses Joseph.
You closely miss Joseph. You punch Joseph.
Joseph is moderately wounded.
Joseph hits you with a +3 quarterstaff of speed!
* * * LOW HITPOINT WARNING * * *
Nindada hits Joseph with a +0 dagger of draining.
Joseph hits you with a +3 quarterstaff of speed!
You die...
Hepliaklqana delivers you to your ancestors.

..######. ........# #.....# ..#
###.....# #.....# ..# #.....+
#.....# ..# #.....# #.....# ..#
#.....# #.....' ..####+
#.....#####.....#
###.##.###########.............?.
....#...........R@...............
....#...........@#...().........>
....#............#......))......@
....###...####...#......†........
.<..#####'####...#......#########
..........#......#....).#
..........#......#...)).#
..........#......#......#
..........#......#......#
..........#......#......#


You could see the friendly Nindada the hexer and Joseph (drained, ally target).

Vanquished Creatures
  Sigmund (D:2)
  Edmund (D:4)
  A sky beast (D:7)
  A scorpion (D:5)
  A bullfrog (D:6)
  2 howler monkeys
  An orc priest (D:7)
  Jessica (D:2)
  5 iguanas
  An orc wizard (D:7)
  4 adders (D:2)
  3 ufetubi (D:5)
  2 ribbon worms
  2 dart slugs
  12 orcs
  A ball python (D:1)
  A bat (D:2)
  7 endoplasms
  A giant cockroach (D:1)
  6 goblins
  9 hobgoblins
  3 jackals (D:4)
  3 quokkas
  4 kobolds
  4 rats
77 creatures vanquished.

Vanquished Creatures (collateral kills)
  A howler monkey (D:7)
  A hound (D:6)
  An orc (D:7)
3 creatures vanquished.

Grand Total: 80 creatures vanquished

Notes
Turn   | Place    | Note
-------+----------+-------------------------------------------
     0 | D:1      | Newt the Demonspawn Gladiator began the quest for the Orb.
     0 | D:1      | Reached XP level 1. HP: 16/16 MP: 1/1
   321 | D:1      | Found a faded altar of an unknown god.
   342 | D:1      | Gained mutation: You have large cloven feet. [demonic
                  | ancestry]
   342 | D:1      | Reached XP level 2. HP: 22/22 MP: 2/2
   617 | D:2      | Reached XP level 3. HP: 28/28 MP: 3/3
   707 | D:2      | Noticed Sigmund
   728 | D:2      | Killed Sigmund
   729 | D:2      | Gained mutation: You are partially covered in sharp spines.
                  | [demonic ancestry]
   729 | D:2      | Reached XP level 4. HP: 29/37 MP: 4/4
   729 | D:2      | Gained mutation: You are mostly covered in sharp spines.
                  | [demonic ancestry]
   729 | D:2      | Reached XP level 5. HP: 33/42 MP: 5/5
   855 | D:2      | Reached skill level 5 in Short Blades
  1048 | D:2      | Noticed Jessica
  1054 | D:2      | Killed Jessica
  1185 | D:2      | Gained mutation: You are completely covered in sharp
                  | spines. [demonic ancestry]
  1185 | D:2      | Reached XP level 6. HP: 48/48 MP: 6/6
  1417 | D:3      | Found a bloodstained altar of Trog.
  1434 | D:3      | You fall into a shaft and drop 1 floor!
  1444 | D:4      | Noticed Edmund
  1724 | D:4      | Found Kela's Antique Armour Shop.
  1735 | D:4      | Bought a smoking cloak for 171 gold pieces
  1735 | D:4      | Identified the -2 cloak "Impac" {Int+2} (You bought it in a
                  | shop on level 4 of the Dungeon)
  1775 | D:4      | Found a transporter.
  1897 | D:4      | Found a transporter.
  2173 | D:4      | Killed Edmund
  2317 | D:5      | Entered Level 5 of the Dungeon
  2407 | D:5      | Found a staircase to the Ecumenical Temple.
  2416 | Temple   | Entered the Ecumenical Temple
  2422 | Temple   | Became a worshipper of Hepliaklqana the Forgotten
  2625 | D:5      | Reached skill level 1 in Maces & Flails
  2689 | D:5      | Reached XP level 7. HP: 55/55 MP: 7/7
  2778 | D:5      | Reached * piety under Hepliaklqana
  3276 | D:6      | Reached skill level 5 in Fighting
  3852 | D:7      | Reached ** piety under Hepliaklqana
  3853 | D:7      | Remembered your ancestor Nindada as a hexer
  3930 | D:7      | Noticed Joseph
  3972 | D:7      | Mangled by Joseph

Illustrated notes

Levels and vault maps discovered:
D:1:      onia_arrival_pyramid, layout_basic, hellmonk_ecumenical_altar_zigzags,
          due_unseen_surprise
D:2:      layout_basic, minivault_27, minmay_hexomino_r4, uniq_jessica,
          uniq_sigmund
D:3:      layout_basic, amcnicky_altar_gilded, uniq_natasha,
          uniq_crazy_yiuf_cottage
D:4:      gammafunk_cloud_chamber, layout_rooms, kennysheep_mini_moat,
          serial_aquarium, aquarium_bridge_square [aquarium_subvault_bridge,
          aquarium_subvault_bridge, aquarium_subvault_bridge,
          aquarium_subvault_balcony], aquarium_bridge_straight
          [aquarium_subvault_bridge, aquarium_subvault_window,
          aquarium_subvault_bridge, aquarium_subvault_balcony],
          aquarium_window_2, aquarium_window_fake, aquarium_window_fake,
          aquarium_window_fake, aquarium_view_2f, aquarium_pool_side,
          serial_shops, nicolae_shop_trees, uniq_edmund
D:5:      layout_basic, lemuel_temple_firewalk_a, serial_glass, glass_columns_a,
          glass_columns_b, chequers_garden, minmay_strange_pillars,
          kennysheep_flooded_box, st_stairs_13, kennysheep_diamond
D:6:      layout_basic
D:7:      layout_gridville, uniq_joseph
Temple:   eino_temple_rhombus

Skill      XL: |  1  2  3  4  5  6  7 |
---------------+----------------------+-----
Short Blades   | 3 4 5 |  5.0
Fighting       | 3 4 5 |  5.6
Dodging        | 3 4 |  4.0
Maces & Flails | 1 4 |  4.1
Throwing       | |  1.7

Action                     |  1- 3 |  4- 6 |  7- 9 || total
---------------------------+-------+-------+-------++-------
  Melee: Rapier            |    85 |    72 |       ||   157
         Kick              |     9 |    22 |     7 ||    38
         Punch             |     2 |     3 |     3 ||     8
         Flail             |       |    14 |    38 ||    52
  Throw: Throwing net      |     3 |     2 |     2 ||     7
         Dart              |       |     1 |       ||     1
 Invoke: Ancestor Life: He |       |       |     1 ||     1
  Evoke: Wand              |       |     1 |       ||     1
    Use: Scroll            |       |     9 |     3 ||    12
         Potion            |       |     1 |       ||     1
   Stab: Sleeping          |     1 |       |       ||     1
 Armour: Leather armour    |    43 |    24 |       ||    67
         Ring mail         |       |    12 |    23 ||    35
  Dodge: Dodged            |    49 |    47 |    19 ||   115

Table legend: (Time is in decaauts)
 A = Elapsed time spent in this place.
 B = Non-inter-level travel time spent in this place.
 C = Inter-level travel time spent in this place.
 D = Time resting spent in this place.
 E = Time spent auto-exploring this place.
 F = Levels seen in this place.
 G = Mean time per level.
                   A        B        C        D        E       F      G
               +--------+--------+--------+--------+--------+-----+--------+
         Total |   3986 |   3760 |    226 |    341 |   2755 |   8 |  498.2 |
       Dungeon |   3973 |   3758 |    215 |    341 |   2755 |   7 |  567.6 |
        Temple |     12 |      1 |     11 |      0 |      0 |   1 |   12.0 |
               +--------+--------+--------+--------+--------+-----+--------+

Top non-repeatable levels by time:
     D:5: 950 daAuts
     D:4: 883 daAuts
     D:2: 733 daAuts
     D:1: 649 daAuts
     D:7: 376 daAuts
     D:6: 328 daAuts
     D:3: 51 daAuts
  Temple: 12 daAuts
